 Dungeon Crawl Stone Soup version 0.30-a0-118-ga018f8e90f (webtiles) character file.

Game seed: 12504676750081608463

1895 Newt the Covert (level 8, -2/60 HPs)
             Began as a Demonspawn Gladiator on Sept 13, 2022.
             Was an Elder of Makhleb.
             Killed from afar by Maggie (16 damage)
             ... with a bolt of fire
             ... on level 7 of the Dungeon.
             The game lasted 00:08:40 (6161 turns).

Newt the Covert (Demonspawn Gladiator)              Turns: 6161, Time: 00:08:40

Health: -2/60      AC:  9    Str: 16    XL:     8   Next: 93%
Magic:  8/8        EV: 18    Int:  9    God:    Makhleb [****..]
Gold:   273        SH:  0    Dex: 16    Spells: 7/7 levels left

rFire   . . .      SeeInvis .    q - +6 dagger
rCold   . . .      Faith    .    (no shield)
rNeg    . . .      Spirit   .    b - +0 leather armour
rPois   .          Reflect  .    (helmet restricted)
rElec   .          Harm     .    (no cloak)
rCorr   .          Rampage  .    (no gloves)
Will    .....                    v - +1 pair of boots
Stlth   ++++......               y - amulet of magic regeneration
HPRegen 0.20/turn                k - +4 ring of evasion
MPRegen 0.62/turn                i - +4 ring of protection

@: slowed, very slow
A: antennae 1, claws 1, hooves 1, spiny 1, magic regeneration
a: Renounce Religion, Minor Destruction, Lesser Servant of Makhleb, Major
Destruction


You were on level 7 of the Dungeon.
You worshipped Makhleb.
Makhleb was greatly pleased with you.
You visited 2 branches of the dungeon, and saw 8 of its levels.
You also visited: Sewer.

You collected 297 gold pieces.
You spent 24 gold pieces at shops.

Inventory:

Hand Weapons
 a - a +0 rapier
 q - a +6 dagger (weapon)
Missiles
 e - 7 javelins (quivered)
 t - 16 poisoned darts
 u - 13 boomerangs
Armour
 b - a +0 leather armour (worn)
 c - a +0 helmet
 m - a +2 ring mail of cold resistance
 r - a +0 ring mail of positive energy
 v - a +1 pair of boots (worn)
Jewellery
 g - a ring of see invisible
 i - a +4 ring of protection (right claw)
 j - a ring of fire
 k - a +4 ring of evasion (left claw)
 y - an amulet of magic regeneration (around neck)
Scrolls
 d - 2 scrolls of amnesia
 x - a scroll of enchant armour
Potions
 f - a potion of brilliance
 l - 6 potions of flight
 n - a potion of berserk rage
 o - a potion of mutation
 p - 3 potions of curing
 s - a potion of lignification
 z - 2 potions of ambrosia
 A - a potion of cancellation
 C - 2 potions of magic {unknown}


   Skills:
 - Level 4.0 Fighting
 - Level 5.0 Short Blades
 - Level 1.7 Throwing
 + Level 1.0 Armour
 - Level 6.0 Dodging
 - Level 8.0 Stealth


You had 7 spell levels left.
You didn't know any spells.
Your spell library contained the following spells:

 Spells                   Type           Power      Damage    Failure   Level
 Apportation              Tloc           0%         N/A       45%         1
 Summon Small Mammal      Summ           0%         N/A       45%         1
 Call Canine Familiar     Summ           0%         N/A       83%         3
 Ozocubu's Armour         Ice            0%         N/A       83%         3
 Summon Guardian Golem    Hex/Summ       0%         N/A       83%         3
 Tukima's Dance           Hex            0%         N/A       83%         3
 Passage of Golubria      Tloc           0%         N/A       99%         4
 Alistair's Intoxication  Tmut/Pois      0%         N/A       100%        5
 Yara's Violent Unravell  Hex/Tmut       0%         3d3       100%        5
 Ozocubu's Refrigeration  Ice            0%         4d7       100%        7


Dungeon Overview and Level Annotations

Branches:
Dungeon (7/15)             Temple (1/1) D:5           Sewer (visited)

Altars:
Cheibriados
Kikubaaqudgha
Makhleb
Sif Muna

Shops:
D:3 *

Annotations:
D:7 Maggie


Innate Abilities, Weirdness & Mutations

You have a pair of small antennae on your head.
You have sharp fingernails.
You have large cloven feet.
You are partially covered in sharp spines.
You regenerate magic rapidly.


Message History

Maggie barely misses you.
The kobold brigand is struck by your spines.
The kobold brigand completely misses you.
The orc warrior closely misses you.
You hit Maggie.
Maggie is lightly wounded.
Maggie closely misses you.
The kobold brigand is struck by your spines.
The kobold brigand closely misses you. The orc warrior misses you.
Unknown command.
You puncture the kobold brigand!
The kobold brigand is severely wounded.
Maggie barely misses you.
The kobold brigand completely misses you.
The orc warrior is struck by your spines.
The orc warrior closely misses you.
Unknown command.
You puncture the kobold brigand!
The kobold brigand is almost dead.
Maggie is struck by your spines. Maggie closely misses you.
The kobold brigand barely misses you. The orc warrior misses you.
Unknown command.
You barely miss the kobold brigand.
The kobold brigand is almost dead.
Maggie is struck by your spines. Maggie hits you with a +0 morningstar!
* * * LOW HITPOINT WARNING * * *
The kobold brigand is struck by your spines.
The kobold brigand misses you.
The orc warrior hits you with a +0 scimitar.
* * * LOW HITPOINT WARNING * * *
Maggie is struck by your spines. Maggie hits you with a +0 morningstar.
* * * LOW HITPOINT WARNING * * *
The orc warrior completely misses you.
The kobold brigand is struck by your spines.
The kobold brigand misses you.
You barely miss the kobold brigand.
The kobold brigand is almost dead.
Maggie points at you and mumbles some strange words.
The bolt of fire hits you!
You die...

#..#<....# ..............#
#..#.....##.###.#####.......
#..#....... ..# ###....##.
#..##....# ####........#
#..##.)..# ......
#..##....########....:.
#....).).)........#....
#.###.......))))o...#
#..............)@K...#
######..........)@...#
#...............#
#............##....
####.........# ...
#.........# .. #.........# .
...#######


You could see Maggie, an orc warrior and a kobold brigand.

Vanquished Creatures
  Joseph (D:7)
  A hornet (D:5)
  An ice beast (D:7)
  A centaur (D:7)
  An ogre (D:5)
  A kobold brigand (D:6)
  A bullfrog (D:7)
  A necrophage (D:6)
  2 scorpions
  2 hounds (D:7)
  A jelly (D:4)
  6 orc priests
  An iguana (D:4)
  10 orc wizards
  5 river rats
  8 adders
  A white imp (D:7)
  2 worms
  2 dart slugs
  29 orcs
  6 endoplasms
  5 giant cockroaches
  7 goblins
  6 hobgoblins
  3 jackals (Sewer)
  6 quokkas
  11 ball pythons
  9 bats
  6 frilled lizards
  19 kobolds
  7 rats
  A spectral goblin (D:1)
163 creatures vanquished.

Notes
Turn   | Place    | Note
-------+----------+-------------------------------------------
     0 | D:1      | Newt the Demonspawn Gladiator began the quest for the Orb.
     0 | D:1      | Reached XP level 1. HP: 16/16 MP: 1/1
    98 | D:1      | Reached skill level 1 in Stealth
   428 | D:1      | Discovered your monstrous ancestry.
   428 | D:1      | Gained mutation: You have sharp fingernails. [demonic
                  | ancestry]
   428 | D:1      | Reached XP level 2. HP: 22/22 MP: 2/2
   601 | D:1      | Found a faded altar of an unknown god.
   622 | D:1      | Prayed at the altar of an unknown god.
   622 | D:1      | Became a worshipper of Makhleb the Destroyer
   622 | D:1      | Reached * piety under Makhleb
   728 | D:2      | Reached skill level 2 in Stealth
  1018 | D:2      | Gained mutation: You are partially covered in sharp spines.
                  | [demonic ancestry]
  1018 | D:2      | Reached XP level 3. HP: 20/28 MP: 3/3
  1819 | D:3      | Gained mutation: You have a pair of small antennae on your
                  | head. [demonic ancestry]
  1819 | D:3      | Reached XP level 4. HP: 30/37 MP: 4/4
  2325 | D:3      | Gained mutation: You have large cloven feet. [demonic
                  | ancestry]
  2325 | D:3      | Reached XP level 5. HP: 42/42 MP: 5/5
  2611 | D:3      | Reached ** piety under Makhleb
  2625 | D:3      | Found Nairuw's General Store.
  2635 | D:3      | Bought a scroll of identify for 24 gold pieces
  3079 | D:3      | Reached XP level 6. HP: 39/48 MP: 6/6
  3084 | D:3      | Reached skill level 5 in Short Blades
  3569 | D:4      | Reached skill level 3 in Stealth
  3962 | D:5      | Entered Level 5 of the Dungeon
  4038 | D:5      | Reached skill level 4 in Stealth
  4038 | D:5      | Gained mutation: You regenerate magic rapidly. [demonic
                  | ancestry]
  4038 | D:5      | Reached XP level 7. HP: 29/54 MP: 7/7
  4202 | D:5      | Found a shimmering blue altar of Sif Muna.
  4264 | D:5      | Found a staircase to the Ecumenical Temple.
  4271 | Temple   | Entered the Ecumenical Temple
  4348 | D:5      | Noticed a hornet
  4362 | D:5      | Paralysed by a hornet for 1 turns
  4363 | D:5      | Killed a hornet
  4364 | D:5      | Reached skill level 6 in Stealth
  4401 | D:5      | Found a glowing drain.
  4426 | Sewer    | Entered a sewer
  4436 | Sewer    | Reached *** piety under Makhleb
  5530 | D:7      | Reached XP level 8. HP: 56/58 MP: 8/8
  5552 | D:7      | Reached skill level 7 in Stealth
  5648 | D:7      | Noticed Joseph
  5701 | D:7      | Reached skill level 8 in Stealth
  5701 | D:7      | Reached **** piety under Makhleb
  5720 | D:7      | Killed Joseph
  5721 | D:7      | Reached skill level 5 in Dodging
  6149 | D:7      | Noticed Maggie
  6156 | D:7      | Reached skill level 1 in Armour
  6161 | D:7      | Killed from afar by Maggie

Illustrated notes

Levels and vault maps discovered:
D:1:      eino_arrival_druids_welcome, layout_rooms,
          dreamdust_ecumenical_altar_drowned_temple
D:2:      layout_basic
D:3:      layout_rooms, serial_shops, shop, st_stairs_7
D:4:      layout_rooms, minmay_misc_feat_columns
D:5:      layout_gridville, nicolae_overflow_crystal_walls,
          minmay_temple_entry_trees, portal_sewer_entry_b,
          minmay_stone_trees_small, reono_crystal_passage,
          small_statue_intersection
D:6:      layout_basic, mainiacjoe_overflow_big_doors, ebering_ghost_sewer_f
D:7:      layout_basic, enter_bailey_2, uniq_joseph, uniq_maggie
Temple:   lightli_temple_of_artemis

Skill      XL: |  1  2  3  4  5  6  7  8 |
---------------+-------------------------+-----
Stealth        | 1 2 4 6 8 |  8.0
Fighting       | 3 4 |  4.0
Short Blades   | 3 4 5 |  5.0
Dodging        | 4 6 |  6.0
Armour         | 1 |  1.0
Throwing       | |  1.7

Action                   |  1- 3 |  4- 6 |  7- 9 || total
-------------------------+-------+-------+-------++-------
Melee: Rapier            |    90 |     2 |       ||    92
       Dagger            |       |   147 |   208 ||   355
       Kick              |       |     9 |       ||     9
       Punch             |       |     1 |     4 ||     5
Throw: Throwing net      |     2 |     1 |     1 ||     4
       Javelin           |       |       |     1 ||     1
  Use: Scroll            |     5 |     6 |     8 ||    19
       Potion            |       |     2 |     3 ||     5
 Stab: Sleeping          |     3 |     1 |    11 ||    15
       Held in net/web   |     1 |       |       ||     1
       Distracted        |       |     1 |       ||     1
Armor: Leather armour    |    19 |    23 |    34 ||    76
Dodge: Dodged            |    42 |    79 |   147 ||   268

Table legend: (Time is in decaauts)
 A = Elapsed time spent in this place.
 B = Non-inter-level travel time spent in this place.
 C = Inter-level travel time spent in this place.
 D = Time resting spent in this place.
 E = Time spent auto-exploring this place.
 F = Levels seen in this place.
 G = Mean time per level.
                   A        B        C        D        E       F      G
               +--------+--------+--------+--------+--------+-----+--------+
         Total |   6218 |   6079 |    139 |   1948 |   2811 |   9 |  690.9 |
       Dungeon |   5589 |   5450 |    139 |   1948 |   2437 |   7 |  798.4 |
        Temple |      1 |      1 |      0 |      0 |      0 |   1 |    1.0 |
         Sewer |    627 |    627 |      0 |      0 |    374 |   1 |  627.0 |
               +--------+--------+--------+--------+--------+-----+--------+

Top non-repeatable levels by time:
     D:2: 1584 daAuts
     D:4: 853 daAuts
     D:7: 813 daAuts
     D:3: 811 daAuts
     D:1: 700 daAuts
     D:5: 699 daAuts
   Sewer: 627 daAuts
     D:6: 127 daAuts
  Temple: 1 daAuts
